 Dungeon Sprint DCSS version 0.21-a0-338-g36cf2fc (webtiles) character file.

4791 Kidiri the Cleaver (level 10, -8/103 HPs)
             Began as a White Draconian Berserker on Oct 3, 2017.
             Was a High Priest of Trog.
             Mangled by a wyvern (10 damage)
             ... in the Dungeon (Sprint VII: "The Pits").
             The game lasted 00:07:07 (1199 turns).

Kidiri the Cleaver (White Draconian Berserker)      Turns: 1199, Time: 00:07:08

Health: -8/103     AC: 15    Str: 22    XL:     10   Next: 24%
Magic:  10/10      EV: 20    Int:  8    God:    Trog [*****.]
Gold:   11         SH:  0    Dex: 14    Spells: 9/9 levels left

rFire    + . .     SeeInvis +   a - +7 battleaxe of Benevolence {chop, rPois rF+ Dex+3 SInv}
rCold    + . .     Gourm    .   (shield currently unavailable)
rNeg     . . .     Faith    .   (armour unavailable)
rPois    +         Spirit   .   (helmet restricted)
rElec    .         Reflect  .   w - +0 cloak
rCorr    .         Harm     .   (no gloves)
MR       .....     NoTele   +   r - +0 pair of boots
Stlth    ++........             (no amulet)
HPRegen  0.27/turn              n - +3 ring of protection
MPRegen  0.12/turn              o - +3 ring of protection

@: berserk cooldown, slowed, very slow
A: breathe frost, unfitting armour, cold resistance 1, cold-blooded, AC +7
a: Breathe Frost, Berserk, Trog's Hand, Brothers in Arms, Burn Spellbooks,
Renounce Religion


You were in the Dungeon.
You worshipped Trog.
Trog was extremely pleased with you.
You were not hungry.

You visited 1 branch You collected 11 gold pieces.

Inventory:

Hand Weapons
 a - the +7 battleaxe of Benevolence (weapon) {chop, rPois rF+ Dex+3 SInv}
   (Trog gifted it to you in the Dungeon)

   It inflicts extra damage upon your enemies.
   It affects your dexterity (+3).
   It protects you from fire.
   It protects you from poison.
   It lets you see invisible.
Missiles
 t - 2 tomahawks of dispersal (quivered)
Armour
 r - a +0 pair of boots (worn)
 w - a +0 cloak (worn)
Jewellery
 n - a +3 ring of protection (left hand)
 o - a +3 ring of protection (right hand)
Scrolls
 h - a scroll of blinking
 j - 3 scrolls of remove curse
 k - a scroll of summoning
Potions
 c - 8 potions of curing
 d - 7 potions of heal wounds
 e - 2 potions of haste
 f - 4 potions of magic
 g - 3 potions of berserk rage
 i - 2 potions of invisibility
 p - 2 potions of brilliance
 q - a potion of resistance
Comestibles
 b - 8 bread rations
 l - 28 fruits
 m - 7 meat rations
 v - 2 inedible chunks of flesh


   Skills:
 * Level 14.0 Fighting
 * Level 14.1 Axes
 * Level 12.8 Dodging
 - Level 3.7 Stealth
 + Level 4.5 Unarmed Combat


You had 9 spell levels left.
You didn't know any spells.

Dungeon Overview and Level Annotations

Branches:
Dungeon (1/1)

Altars:
Ashenzari
Cheibriados
Dithmenos
Elyvilon
Fedhas
Gozag
Hepliaklqana
Kikubaaqudgha
Makhleb
Nemelex Xobeh
Okawaru
Qazlal
Ru
Sif Muna
Trog
Uskayaw
Vehumet
Wu Jian
Xom
Yredelemnul
Zin
The Shining One
Beogh
Jiyva
Lugonu

Annotations:
D Ijyb


Innate Abilities, Weirdness & Mutations

You can breathe waves of freezing cold.
You can buffet flying creatures when you breathe cold.
Your icy white scales are hard. (AC +7)
You cannot fit into any form of body armour.
Your flesh is cold resistant. (rC+)
You are cold-blooded and may be slowed by cold attacks.


Message History

You feel much better. The wyvern closely misses you.
The wyvern completely misses you. The manticore closely misses you.
The manticore misses you. The manticore closely misses you.
The deep troll bites you! The deep troll closely misses you.
The deep troll misses you.
Ijyb shouts!
You slash the deep troll!
The deep troll is heavily wounded.
You slice the manticore!! You hit the wyvern. The wyvern closely misses you.
The manticore completely misses you. The manticore misses you.
The manticore closely misses you. The deep troll bites you!
* * * LOW HITPOINT WARNING * * *
The deep troll claws you but does no damage. x2
The wyvern misses you. The deep troll completely misses you.
The deep troll claws you but does no damage.
The deep troll claws you!
* * * LOW HITPOINT WARNING * * *
The manticore closely misses you. The manticore misses you.
The manticore completely misses you. The wyvern bites you!
You die...

....##..##........##
....##++#...#..#...#
######..)..........+ .
######++#...#..#...# ..
..[[##).##........###.##
..[.##...###....###....#
..))##.....##.g##.....#
..))###.....+..'HT...#
..))# ###...+..'@l.#
##### ###########


You could see a deep troll, a manticore, a wyvern and Ijyb.

Vanquished Creatures
  An unseen horror (D)
  A sea snake (D)
  A deep elf mage (D)
  A gargoyle (D)
  A spiny frog (D)
  An efreet (D)
  A bog body (D)
  A tarantella (D)
  6 yaks (D)
  A vampire mosquito (D)
  A warg (D)
  A floating eye (D)
  A centaur (D)
  A big kobold (D)
  2 crimson imps (D)
  A quasit (D)
  An iguana (D)
  A gnoll (D)
  An adder (D)
  2 white imps (D)
  An adder simulacrum (D)
  A leopard gecko (D)
  A bat skeleton (D)
  A kobold (D)
  2 ball pythons (D)
  A bat (D)
  2 goblins (D)
  A rat (D)
37 creatures vanquished.

Vanquished Creatures (collateral kills)
  A deep elf mage (D)
  Maurice (D)
  A hornet (D)
  3 vampire mosquitoes (D)
  A hell rat (D)
7 creatures vanquished.

Grand Total: 44 creatures vanquished

Notes
Turn   | Place    | Note
-------+----------+-------------------------------------------
     0 | D        | Kidiri the Draconian Berserker began the quest for the Orb.
     0 | D        | Reached XP level 1. HP: 19/19 MP: 1/1
    56 | D        | Found a bloodstained altar of Trog.
    56 | D        | Found a deep blue altar of Sif Muna.
    56 | D        | Found a viscous altar of Jiyva.
    56 | D        | Found a hazy altar of Hepliaklqana.
    56 | D        | Found an opulent altar of Gozag.
    57 | D        | Found a glowing golden altar of the Shining One.
    57 | D        | Found a glowing silver altar of Zin.
    57 | D        | Found a basalt altar of Yredelemnul.
    57 | D        | Found a shimmering altar of Xom.
    57 | D        | Found an ornate altar of the Wu Jian Council.
    57 | D        | Found a sacrificial altar of Ru.
    57 | D        | Found a stormy altar of Qazlal.
    57 | D        | Found an iron altar of Okawaru.
    57 | D        | Found a sparkling altar of Nemelex Xobeh.
    57 | D        | Found a burning altar of Makhleb.
    57 | D        | Found a blossoming altar of Fedhas.
    57 | D        | Found a white marble altar of Elyvilon.
    57 | D        | Found a shadowy altar of Dithmenos.
    57 | D        | Found a snail-covered altar of Cheibriados.
    59 | D        | Found a radiant altar of Vehumet.
    59 | D        | Found a corrupted altar of Lugonu.
    59 | D        | Found a roughly hewn altar of Beogh.
    60 | D        | Found a hide-covered altar of Uskayaw.
    60 | D        | Found an ancient bone altar of Kikubaaqudgha.
    60 | D        | Found a shattered altar of Ashenzari.
    93 | D        | Reached ** piety under Trog
    95 | D        | Noticed a floating eye
    98 | D        | Paralysed by a floating eye for 2 turns
   102 | D        | Killed a floating eye
   102 | D        | Reached skill level 5 in Axes
   102 | D        | Reached skill level 5 in Dodging
   102 | D        | Reached skill level 1 in Stealth
   102 | D        | Reached XP level 2. HP: 31/31 MP: 2/2
   102 | D        | Reached XP level 3. HP: 38/38 MP: 3/3
   102 | D        | Reached XP level 4. HP: 45/45 MP: 4/4
   145 | D        | Reached *** piety under Trog
   221 | D        | Noticed a warg
   222 | D        | Noticed a centaur
   227 | D        | Killed a warg
   227 | D        | Reached XP level 5. HP: 53/53 MP: 5/5
   243 | D        | Reached **** piety under Trog
   254 | D        | Killed a centaur
   254 | D        | Reached XP level 6. HP: 27/62 MP: 6/6
   276 | D        | Reached ***** piety under Trog
   470 | D        | Noticed a deep elf mage
   472 | D        | Killed a deep elf mage
   472 | D        | Your scales start taking on an icy white colour.
   472 | D        | Reached XP level 7. HP: 71/71 MP: 7/7
   472 | D        | Gained mutation: Your flesh is cold resistant. (rC+) [White Draconian growth]
   475 | D        | Noticed a hornet
   478 | D        | Killed a hornet
   478 | D        | Reached skill level 10 in Fighting
   591 | D        | Reached skill level 10 in Axes
   599 | D        | Received a gift from Trog
   607 | D        | Got a pitted fustibalus {god gift}
   611 | D        | Identified the +6 fustibalus of Righteous Anger {freeze, rElec Int+2} (Trog gifted it to you in the Dungeon)
   636 | D        | Noticed a vampire mosquito
   636 | D        | Noticed a vampire mosquito
   636 | D        | Noticed a vampire mosquito
   636 | D        | Noticed a vampire mosquito
   639 | D        | Killed a vampire mosquito
   646 | D        | Killed an unseen horror
   646 | D        | Reached skill level 10 in Dodging
   646 | D        | Reached XP level 8. HP: 82/82 MP: 8/8
   853 | D        | Noticed a sea snake
   853 | D        | Noticed an efreet
   863 | D        | Killed a sea snake
   863 | D        | Received a gift from Trog
   863 | D        | Reached XP level 9. HP: 90/90 MP: 9/9
   863 | D        | Killed an efreet
   940 | D        | Noticed a gargoyle
   943 | D        | Noticed a spiny frog
   946 | D        | Reached skill level 1 in Unarmed Combat
   957 | D        | Received a gift from Trog
   962 | D        | Killed a gargoyle
   969 | D        | Killed a spiny frog
   969 | D        | Reached XP level 10. HP: 101/101 MP: 10/10
  1086 | D        | Noticed Maurice
  1091 | D        | Killed Maurice
  1091 | D        | Received a gift from Trog
  1097 | D        | Got a twisted battleaxe {god gift}
  1106 | D        | Identified the +7 battleaxe of Benevolence {chop, rPois rF+ Dex+3 SInv} (Trog gifted it to you in the Dungeon)
  1189 | D        | Noticed a deep troll
  1189 | D        | Noticed a manticore
  1189 | D        | Noticed a deep elf mage
  1197 | D        | Killed a deep elf mage
  1198 | D        | Noticed Ijyb
  1199 | D        | HP: 2/103 [deep troll (16)]
  1199 | D        | Mangled by a wyvern

Vault maps used:
D:        pitsprint

Skill      XL: |  1  2  3  4  5  6  7  8  9 10 |
---------------+-------------------------------+-----
Dodging        | 5 7 8 10 11 12 | 12.8
Fighting       | 6 8 9 11 12 13 14 | 14.0
Axes           | 5 7 8 9 11 12 13 14 | 14.1
Stealth        | 1 2 3 |  3.7
Unarmed Combat | 3 4 |  4.5

Action                   |  1- 3 |  4- 6 |  7- 9 | 10-12 || total
-------------------------+-------+-------+-------+-------++-------
Melee: Hand axe          |    10 |    44 |    24 |       ||    78
       Tailslap          |       |     2 |    11 |     1 ||    14
       Broad axe         |       |       |    32 |     1 ||    33
       Battleaxe         |       |       |       |     9 ||     9
Invok: Berserk           |     1 |     2 |     4 |     2 ||     9
       Brothers in Arms  |       |     1 |     2 |     2 ||     5
  Use: Potion            |       |     2 |       |     1 ||     3
 Stab: Sleeping          |     1 |       |       |       ||     1
  Eat: Chunk             |       |     2 |     2 |       ||     4
       Fruit             |       |       |    12 |       ||    12
Armor: Skin              |     3 |    19 |     8 |    14 ||    44
Dodge: Dodged            |    10 |    62 |    23 |    48 ||   143

Table legend:
 A = Spawn XP
 B = Non-spawn XP
 C = Spawn XP percentage of total XP
 D = Spawn monster count
 E = Non-spawn monster count
 F = Spawn count percentage of total count
 G = Total turns spent on level
                    A         B        C        D         E        F      G
               +---------+---------+-------+---------+---------+-------+---------
         Total |       0 |    6845 |   0.0 |       0 |      44 |   0.0 |  1199
               +---------+---------+-------+---------+---------+-------+---------
             D |       0 |    6845 |   0.0 |       0 |      44 |   0.0 |  1199
               +---------+---------+-------+---------+---------+-------+---------
